 Dungeon Crawl Stone Soup version 0.17.1-3-g152610e (webtiles) character file.

126 Lonerover the Skirmisher (level 4, -1/42 HPs)
             Began as a Minotaur Fighter on Mar 3, 2016.
             Was a Follower of Cheibriados.
             Killed from afar by an orc wizard (6 damage)
             ... with a magic dart
             ... on level 3 of the Dungeon.
             The game lasted 00:07:18 (1378 turns).

Lonerover the Skirmisher (Minotaur Fighter)         Turns: 1378, Time: 00:07:18

Health: -1/42      AC:  8    Str: 25    XL:     4   Next: 83%
Magic:  3/3        EV:  7    Int:  8    God:    Cheibriados [*.....]
Gold:   156        SH: 10    Dex: 12    Spells: 0 memorised, 3 levels left

rFire  x . .     SeeInvis .     a - +0 war axe
rCold  + . .     Clarity  .     b - +0 scale mail
rNeg   . . .     SustAt   .     c - +0 shield
rPois  .         Gourm    +     (helmet restricted)
rElec  .         Spirit   .     (no cloak)
rCorr  .         Warding  .     n - +0 pair of gloves
rMut   .         Stasis   .     (no boots)
MR     .....                    k - amulet of the gourmand
Stlth  ..........               (no ring)
                                i - ring of ice

@: very slow, not resistant to hostile enchantments, extremely unstealthy
A: retaliatory headbutt, horns 2
a: Bend Time, Renounce Religion


You were on level 3 of the Dungeon.
You worshipped Cheibriados.
Cheibriados was aware of your devotion.
You were completely stuffed.

You visited 1 branch of the dungeon, and saw 3 of its levels.

You collected 156 gold pieces.

Inventory:

Hand Weapons
 a - a +0 war axe (weapon)
 q - a +0 war axe
Armour
 b - a +0 scale mail (worn)
 c - a +0 shield (worn)
 n - a +0 pair of gloves (worn)
Jewellery
 i - a ring of ice (left hand)
 k - an amulet of the gourmand (around neck)
 m - an uncursed amulet of rage
Scrolls
 g - 4 scrolls of identify
 l - 3 scrolls of remove curse
Potions
 d - a potion of might
 j - a potion of flight
 o - a potion of lignification {unknown}
 p - a potion of magic {unknown}
Comestibles
 e - 3 bread rations
 f - 7 meat rations
 h - 5 fruits


   Skills:
 * Level 5.3 Fighting
 * Level 4.4 Axes
 - Level 3.6 Armour
 - Level 3.6 Shields
 + Level 0.8 Invocations


You had 3 spell levels left.
You didn't know any spells.

Dungeon Overview and Level Annotations

Branches:
Dungeon (3/15)

Altars:
Cheibriados
Okawaru
Trog

Annotations:
D:3 kraktruk's ghost, amateur DsCj


Innate Abilities, Weirdness & Mutations

You reflexively headbutt those who attack you in melee.
You have a pair of horns on your head.


Message History

You block kraktruk's ghost's attack. Kraktruk's ghost casts a spell at you.
The magic dart hits you!
The orc priest mumbles some strange prayers to Beogh against you.
Something smites you! Kraktruk's ghost casts a spell at you.
The magic dart hits you!
Items here: )) [ †††† The orc priest calls down the wrath of Beogh upon you.
Something smites you!
* * * LOW HITPOINT WARNING * * *
The orc wizard mumbles some strange words.
The orc wizard blinks!
The orc wizard closely misses you. You furiously retaliate!
You headbutt the orc wizard! The orc wizard hits you with a dagger.
* * * LOW HITPOINT WARNING * * *
The orc priest casts a cantrip, but nothing happens.
The orc wizard points at you and mumbles some strange words.
The magic dart hits you!
You die... ... ###.#### ##o## #.# #. oo.

#.# #.
###o##########.# #.
..#g#........#.# #.
#.#)#.######.#.# #.
#.#W#.######'#†###.
#.#o#.##...........
#.@....+.......####
#<....##.......#
.......#######<.###
# ..##.### #..# #..
#. ..... ## #+#
#.....
...######.....
.......###..#
.......# #..#


You could see an orc priest, an orc wizard, kraktruk's ghost, 2 orcs and a
hobgoblin.

Vanquished Creatures
  4 gnolls (D:3)
  An adder (D:2)
  An ooze (D:3)
  A worm (D:2)
  3 giant geckos
  7 orcs (D:3)
  A giant cockroach (D:1)
  9 hobgoblins
  3 kobolds
  2 quokkas
  A ball python (D:3)
  8 bats
  2 giant newts
  5 goblins
  8 jackals
  11 rats
67 creatures vanquished.

Notes
Turn   | Place    | Note
--------------------------------------------------------------
     0 | D:1      | Lonerover the Minotaur Fighter began the quest for the Orb.
     0 | D:1      | Reached XP level 1. HP: 19/19 MP: 0/0
   121 | D:1      | Reached skill level 4 in Fighting
   123 | D:1      | Reached XP level 2. HP: 10/27 MP: 1/1
   478 | D:2      | Reached XP level 3. HP: 32/34 MP: 2/2
   644 | D:2      | Found a snail-covered altar of Cheibriados.
   652 | D:2      | Became a worshipper of Cheibriados the Contemplative
   715 | D:2      | Found a bloodstained altar of Trog.
   715 | D:2      | Found an iron altar of Okawaru.
  1055 | D:3      | Reached XP level 4. HP: 35/41 MP: 3/3
  1057 | D:3      | Reached skill level 5 in Fighting
  1210 | D:3      | Reached * piety under Cheibriados
  1349 | D:3      | Noticed kraktruk's ghost (amateur DsCj)
  1378 | D:3      | Killed from afar by an orc wizard

Action                   |  1- 3 |  4- 6 || total
-------------------------+-------+-------++-------
Melee: War axe           |    84 |    50 ||   134
  Use: Potion            |     2 |       ||     2
       Scroll            |     5 |     1 ||     6
  Eat: Chunk             |    12 |     7 ||    19
